 Dungeon Crawl Stone Soup version 0.31-a0-876-gfe8ebadbca (webtiles) character file.

Game seed: 16552376072634853571

0 Ahpoh the Ducker (level 1, 16/16 HPs)
             Began as a Demonspawn Gladiator on Oct 13, 2023.
             Got out of the dungeon alive.
             The game lasted 00:00:22 (71 turns).

Ahpoh the Ducker (Demonspawn Gladiator)               Turns: 71, Time: 00:00:22

Health: 16/16      AC:  4    Str: 14    XL:     1   Next: 8%
Magic:  1/1        EV: 12    Int:  9    God:
Gold:   0          SH:  0    Dex: 14    Spells: 0/0 levels left

rFire   . . .        a - +0 long sword
rCold   . . .        (no shield)
rNeg    . . .        b - +0 leather armour
rPois   .            c - +0 helmet
rElec   .            (no cloak)
rCorr   .            (no gloves)
SInv    .            (no boots)
Will    .....        (no amulet)
Stlth   +            (no ring)
HPRegen 0.22/turn    (no ring)
MPRegen 0.07/turn

%: no passive effects
@: no status effects
A: no striking features
a: no special abilities


You escaped.
You visited 1 branch of the dungeon, and saw 1 of its levels.

Inventory:

Hand Weapons
 a - a +0 long sword (weapon)
Missiles
 d - 3 throwing nets (quivered)
 e - a javelin
Armour
 b - a +0 leather armour (worn)
 c - a +0 helmet (worn)
Potions
 f - a potion of enlightenment {unknown}


   Skills:
 + Level 2.0 Fighting
 + Level 2.6 Long Blades
 + Level 1.7 Throwing
 + Level 2.7 Dodging


You couldn't memorise any spells.
You didn't know any spells.
Your spell library was empty.

Dungeon Overview and Level Annotations

Branches:
Dungeon (1/15)

Altars:


Message History

Found a stone staircase leading down.
There is a large open door here.
There is a large open door here.
There is a stone staircase leading down here.
You open the door.
There is an open door here.
f - an amethyst potion You open the door.
Found a ring mail.
There is an open door here.
A bat comes into view.
The bat moves out of view.
The bat hits you but does no damage.
You miss the bat. The bat misses you. The bat hits you. The bat misses you.
You closely miss the bat.
You feel your willpower return. The bat barely misses you.
The bat hits you but does no damage. The bat barely misses you.
You closely miss the bat. The bat hits you.
Found 14 gold pieces.
The bat closely misses you. The bat misses you.
The bat attacks as it pursues you! The bat hits you but does no damage.
The bat barely misses you. The bat hits you but does no damage.
The bat hits you but does no damage. The bat closely misses you.
The bat hits you but does no damage. The bat hits you but does no damage.
The bat barely misses you. The bat hits you but does no damage.
You slash the bat!
You kill the bat!
You see here a bat corpse.
There is an open door here.
There is an open door here.
There is a large open door here.
There is a large open door here.
There is a staircase leading out of the dungeon here.
You have escaped!

##### +...# #.@.#
##########...#
#.......###'##
#.......###'########
#.⌠.⌠.⌠.#...........
#.......'..>....####
#.......#......##
##+###'#########
#.[...### ###


There were no monsters in sight!

Vanquished Creatures
  A bat (D:1)
1 creature vanquished.

Notes
Turn   | Place    | Note
-------+----------+-------------------------------------------
     0 | D:1      | Ahpoh the Demonspawn Gladiator began the quest for the Orb.
     0 | D:1      | Reached XP level 1. HP: 16/16 MP: 1/1
    71 | D:$      | Got out of the dungeon alive.

Illustrated notes

Levels and vault maps discovered:
D:1:      dpeg_arrival_simpleton_b, layout_loops_ring, serial_shops,
          nicolae_shop_bloodbath_and_beyond, minmay_pentomino_v2

Action                     || total
---------------------------++-------
  Melee: Long sword        ||     4
    Use: Scroll            ||     1
 Armour: Leather armour    ||    10
  Dodge: Dodged            ||     9

Table legend: (Time is in decaauts)
 A = Elapsed time spent in this place.
 B = Non-inter-level travel time spent in this place.
 C = Inter-level travel time spent in this place.
 D = Time resting spent in this place.
 E = Time spent auto-exploring this place.
 F = Levels seen in this place.
 G = Mean time per level.
                   A        B        C        D        E       F      G
               +--------+--------+--------+--------+--------+-----+--------+
         Total |     72 |     54 |     18 |      0 |     22 |   1 |   72.0 |
       Dungeon |     72 |     54 |     18 |      0 |     22 |   1 |   72.0 |
               +--------+--------+--------+--------+--------+-----+--------+

Top non-repeatable levels by time:
     D:1: 72 daAuts
